 Dungeon Crawl Stone Soup version 0.30-a0-377-g5cb311bc9f (webtiles) character file.

Game seed: 3785517591565879875

114 SmokeWeed the Charlatan (level 4, 0/33 HPs)
             Began as a Demonspawn Artificer on Nov 30, 2022.
             Slain by an orc wizard
             ... wielding a +0 dagger
              (4 damage)
             ... on level 3 of the Dungeon.
             The game lasted 00:07:27 (2075 turns).

SmokeWeed the Charlatan (Demonspawn Artificer)      Turns: 2075, Time: 00:07:27

Health: 0/33       AC:  9    Str: 14    XL:     4   Next: 67%
Magic:  4/4        EV:  6    Int: 13    God:
Gold:   84         SH:  0    Dex: 13    Spells: 3/3 levels left

rFire   . . .      SeeInvis .    k - +3 dagger (elec)
rCold   . . .      Faith    .    (no shield)
rNeg    + . .      Spirit   .    n - +0 chain mail
rPois   .          Reflect  .    (helmet restricted)
rElec   .          Harm     .    (no cloak)
rCorr   .          Rampage  .    (no gloves)
Will    .....                    (no boots)
Stlth   ..........               (no amulet)
HPRegen 0.25/turn                s - ring of positive energy
MPRegen 0.09/turn                (no ring)

@: confused
A: antennae 1
a: no special abilities


You were on level 3 of the Dungeon.
You visited 1 branch of the dungeon, and saw 3 of its levels.

You collected 84 gold pieces.

Inventory:

Hand Weapons
 a - a +0 club
 g - a +0 whip
 j - a +1 dagger of draining
 k - a +3 dagger of electrocution (weapon)
 q - a +0 quarterstaff
Armour
 b - a +0 leather armour
 h - a +0 ring mail
 i - a +0 scale mail
 n - a +0 chain mail (worn)
Jewellery
 p - an amulet of faith
 s - a ring of positive energy (left hand)
Wands
 c - a wand of flame (3) (quivered)
 d - a wand of charming (15)
 e - a wand of iceblast (5)
Scrolls
 l - 2 scrolls of teleportation
 m - a scroll of identify
 o - 2 scrolls of blinking {unknown}
Potions
 f - 2 potions of brilliance
 r - a potion of lignification {unknown}
 t - 3 potions of degeneration {unknown}
 u - a potion of heal wounds {unknown}


   Skills:
 + Level 1.9 Fighting
 + Level 1.6 Maces & Flails
 + Level 2.8 Armour
 + Level 1.5 Dodging
 + Level 1.1 Stealth
 + Level 3.5 Evocations


You had 3 spell levels left.
You didn't know any spells.
Your spell library contained the following spells:

 Spells                   Type           Power      Damage    Failure   Level
 Magic Dart               Conj           0%         1d3       100%        1
 Call Imp                 Summ           0%         N/A       100%        2
 Mephitic Cloud           Conj/Pois/Air  0%         N/A       100%        3


Dungeon Overview and Level Annotations

Branches:
Dungeon (3/15)

Altars:


Innate Abilities, Weirdness & Mutations

You have a pair of small antennae on your head.


Message History

Aiming: Throw Flame
Press: ? - help, Q - select action, (/) - cycle Shift-Dir - straight line The puff of flame hits something.
You hear some strange, mumbled words.
Something tries to affect you, but you resist.
Aiming: Throw Flame
Press: ? - help, Q - select action, (/) - cycle Shift-Dir - straight line Something hits you but does no damage.
Aiming: Throw Flame
Press: ? - help, Q - select action, (/) - cycle Shift-Dir - straight line The puff of flame hits something.
Something hits you.
Aiming: Throw Flame
Press: ? - help, Q - select action, (/) - cycle Shift-Dir - straight line Something hits you but does no damage.
Aiming: Throw Flame
Press: ? - help, Q - select action, (/) - cycle Shift-Dir - straight line You hear some strange, mumbled words.
A puff of flame appears from out of thin air!
The puff of flame hits you.
* * * LOW HITPOINT WARNING * * *
You hit something.
You hear some strange, mumbled words.
You are confused.
You closely miss something.
You hear some strange, mumbled words.
A magic dart appears from out of thin air!
The magic dart hits you.
* * * LOW HITPOINT WARNING * * *
Something hits you but does no damage.
You hit something. Something hits you but does no damage.
You hear some strange, mumbled words.
A magic dart appears from out of thin air!
The magic dart hits you.
* * * LOW HITPOINT WARNING * * *
Something hits you.
* * * LOW HITPOINT WARNING * * *
Items here: )) [ ††.
You bump into the rock wall.
Something hits you.
You die...

.. #########..##.#..#.# #.#.
#..........#<.#..#.# #.#)
#..........#..#..#.# #.#.
#..........#..#..#.# #.#.
########'##+#..####..#.# #.#.
.....................#.###.#.
#.####.......#.###...#.....#.
#.....{.#.##....#.....#.
#######@#.......#.....#
......).####....#.....#
......#.#.......#.###.#
..#...#.#.###.###.# ... #..
#.#.#.......#####. #.#
#.#.#.#.###....... ##
#.#.#.#...#)...... #.#.#
###.#......# #.# #.#.....##


There were no monsters in sight!

Vanquished Creatures
  An orc priest (D:3)
  An adder (D:3)
  2 worms (D:2)
  3 dart slugs
  3 orcs (D:3)
  4 ball pythons
  7 bats
  2 endoplasms
  4 giant cockroaches
  8 goblins
  3 hobgoblins
  2 jackals (D:1)
  5 quokkas (D:1)
  5 frilled lizards
  A kobold (D:1)
  7 rats
58 creatures vanquished.

Notes
Turn   | Place    | Note
-------+----------+-------------------------------------------
     0 | D:1      | SmokeWeed the Demonspawn Artificer began the quest for the
                  | Orb.
     0 | D:1      | Reached XP level 1. HP: 15/15 MP: 1/1
   130 | D:1      | Gained mutation: You have a pair of small antennae on your
                  | head. [demonic ancestry]
   130 | D:1      | Reached XP level 2. HP: 11/21 MP: 2/2
   357 | D:1      | Reached skill level 1 in Dodging
   472 | D:1      | Found a faded altar of an unknown god.
   537 | D:1      | Reached skill level 1 in Stealth
   539 | D:1      | Reached XP level 3. HP: 22/22 MP: 3/3
   644 | D:1      | Reached skill level 1 in Maces & Flails
  1877 | D:3      | Reached XP level 4. HP: 30/33 MP: 4/4
  2075 | D:3      | Slain by an orc wizard

Illustrated notes

Levels and vault maps discovered:
D:1:      dpeg_arrival_pits, layout_basic, nicolae_ecumenical_lake_church
D:2:      layout_loops_ring, hangedman_feature_mirror, minmay_puff
D:3:      layout_basic, minmay_misc_feat_rugged, minmay_misc_feat_enclosed,
          minmay_liquid_box

Skill      XL: |  1  2  3 |
---------------+----------+-----
Armour         | 2 |  2.8
Dodging        | 1 |  1.5
Stealth        | 1 |  1.1
Maces & Flails | 1 |  1.6
Fighting       | |  1.9
Evocations     | |  3.5

Action                   |  1- 3 |  4- 6 || total
-------------------------+-------+-------++-------
Melee: Club              |    25 |       ||    25
       Whip              |    79 |       ||    79
       Dagger            |    76 |    16 ||    92
Evoke: Wand              |     3 |     9 ||    12
  Use: Scroll            |     4 |       ||     4
Armor: Leather armour    |    25 |       ||    25
       Ring mail         |    54 |       ||    54
       Chain mail        |     7 |    14 ||    21
       Scale mail        |     3 |       ||     3
Dodge: Dodged            |   111 |     3 ||   114

Table legend: (Time is in decaauts)
 A = Elapsed time spent in this place.
 B = Non-inter-level travel time spent in this place.
 C = Inter-level travel time spent in this place.
 D = Time resting spent in this place.
 E = Time spent auto-exploring this place.
 F = Levels seen in this place.
 G = Mean time per level.
                   A        B        C        D        E       F      G
               +--------+--------+--------+--------+--------+-----+--------+
         Total |   2090 |   2002 |     88 |      0 |   1431 |   3 |  696.7 |
       Dungeon |   2090 |   2002 |     88 |      0 |   1431 |   3 |  696.7 |
               +--------+--------+--------+--------+--------+-----+--------+

Top non-repeatable levels by time:
     D:1: 1032 daAuts
     D:2: 789 daAuts
     D:3: 268 daAuts
